 Dungeon Crawl Stone Soup version 0.30-a0-4-ga7cffc901d (webtiles) character file.

Game seed: 14533725666162059209

691 Setbun the Slicer (level 7, -1/40 HPs)
             Began as a Kobold Brigand on Aug 21, 2022.
             Slain by a yak (3 damage)
             ... on level 4 of the Dungeon.
             The game lasted 00:04:58 (5019 turns).

Setbun the Slicer (Kobold Brigand)                  Turns: 5019, Time: 00:04:59

Health: -1/40      AC:  3    Str:  8    XL:     7   Next: 95%
Magic:  7/7        EV: 14    Int: 12    God:
Gold:   139        SH:  0    Dex: 19    Spells: 6/6 levels left

rFire   . . .      SeeInvis .    a - +2 dagger (drain)
rCold   . . .      Faith    .    (no shield)
rNeg    . . .      Spirit   .    b - +0 robe
rPois   .          Reflect  .    (no helmet)
rElec   .          Harm     .    c - +0 cloak
rCorr   +          Rampage  .    (no gloves)
Will    .....                    (no boots)
Stlth   ++++......               (no amulet)
HPRegen 0.13/turn                f - ring of resist corrosion
MPRegen 0.10/turn                (no ring)

@: no status effects
A: small, no large weapons, nightstalker 3
a: no special abilities


You were on level 4 of the Dungeon.
You visited 1 branch of the dungeon, and saw 4 of its levels.

You collected 139 gold pieces.

Inventory:

Hand Weapons
 a - a +2 dagger of draining (weapon)
Missiles
 d - 9 poisoned darts (quivered)
 e - 3 curare-tipped darts
Armour
 b - a +0 robe (worn)
 c - a +0 cloak (worn)
Jewellery
 f - a ring of resist corrosion (left hand)
Wands
 q - a wand of flame (22)
Scrolls
 g - a scroll of immolation {unknown}
 h - 4 scrolls of identify
 k - a scroll of silence {unknown}
 m - a scroll of poison
Potions
 i - a potion of degeneration {unknown}
 j - a potion of haste {unknown}
 n - a potion of heal wounds


   Skills:
 - Level 2.1 Fighting
 * Level 10.9 Short Blades
 - Level 2.1 Throwing
 - Level 1.2 Dodging
 - Level 5.3 Stealth


You had 6 spell levels left.
You didn't know any spells.
Your spell library contained the following spells:

 Spells                   Type           Power      Damage    Failure   Level
 Necrotise                Necr           0%         1d4       32%         1
 Conjure Flame            Conj/Fire      0%         6-21      69%         3
 Ignite Poison            Fire/Tmut/Pois 0%         N/A       69%         3
 Vampiric Draining        Necr           0%         2d6       69%         3
 Sticky Flame             Conj/Fire      0%         2d3       97%         4
 Agony                    Necr           0%         N/A       100%        5


Dungeon Overview and Level Annotations

Branches:
Dungeon (4/15)
 Temple: D:4-7

Altars:
Ru

Shops:
D:1 :


Innate Abilities, Weirdness & Mutations

You are small and have problems with some larger weapons.
You are completely attuned to the shadows.


Message History

You closely miss the orc wizard. The orc wizard barely misses you.
You barely miss the orc wizard. You hit the orc wizard.
You drain the orc wizard.
The orc wizard is heavily wounded.
The orc wizard closely misses you.
You barely miss the orc wizard.
The orc wizard is heavily wounded.
You hit the orc wizard. You drain the orc wizard.
The orc wizard is almost dead.
The orc wizard hits you but does no damage.
You puncture the orc wizard!
You kill the orc wizard!
Items here: ! $ ) [.
HP restored.
A yak comes into view.
A yak is nearby!
A yak is nearby!
A yak is nearby!
A yak comes into view. 2 yaks come into view.
The yak bellows! x2; You hear a bellow!
The yak gores you!
You hear a bellow!
The yak bellows!
Unknown command.
Unknown command.
The yak attacks as you move away! The yak gores you but does no damage.
You see here a +0 dagger.
An adder comes into view.
The yak attacks as you move away! The yak gores you!
The yak attacks as you move away! The yak gores you!
* * * LOW HITPOINT WARNING * * *
The yak attacks as you move away! The yak closely misses you.
The adder hisses angrily.
The adder bites you.
* * * LOW HITPOINT WARNING * * *
The yak attacks as you move away! The yak misses you. The adder misses you.
The yak attacks as you move away! The yak gores you!
* * * LOW HITPOINT WARNING * * *
The yak attacks as you move away! The yak gores you.
You die...

...##..##...o.#
#......#....###
########.......## ..
##.....#.........## ##.###
.......Y....##.#..##
.....#
#.....Y.##..##.##...
....>#
####......###..#.####.
.....###....SY...# #....#
## ......#..##.@....#
###.o# #
#####....!......## #..##
#..........#.## #...###
...##.###..##.# #...{.#
####..# #..<..# #..##.##
...####))...#######..##..#
.## #..#..)......######..
#.##.#######)# ##. ##.##.#
#.# ##


You could see 3 yaks and an adder.

Vanquished Creatures
  A wyvern (D:4)
  An elf zombie (D:4)
  An elf skeleton (D:4)
  2 human zombies (D:4)
  A hound (D:4)
  2 orc priests (D:4)
  4 orc wizards
  3 gnolls (D:3)
  4 adders
  An ufetubus (D:4)
  2 dart slugs
  8 orcs
  7 ball pythons
  5 endoplasms
  2 giant cockroaches
  8 hobgoblins
  6 jackals
  2 quokkas (D:2)
  8 bats
  7 frilled lizards
  10 goblins
  6 kobolds
  2 orc skeletons (D:4)
  7 rats
100 creatures vanquished.

Vanquished Creatures (collateral kills)
  3 jackals (D:4)
3 creatures vanquished.

Grand Total: 103 creatures vanquished

Notes
Turn   | Place    | Note
-------+----------+-------------------------------------------
     0 | D:1      | Setbun the Kobold Brigand began the quest for the Orb.
     0 | D:1      | Reached XP level 1. HP: 12/12 MP: 1/1
    60 | D:1      | Reached skill level 3 in Short Blades
   144 | D:1      | Reached XP level 2. HP: 17/17 MP: 2/2
   212 | D:1      | Reached skill level 4 in Short Blades
   418 | D:1      | Reached XP level 3. HP: 21/21 MP: 3/3
   471 | D:1      | Found Yqe Rur's Book Emporium.
   863 | D:1      | Found a faded altar of an unknown god.
  1015 | D:2      | Reached skill level 5 in Short Blades
  1059 | D:2      | Found a sacrificial altar of Ru.
  1177 | D:2      | Reached XP level 4. HP: 26/26 MP: 4/4
  1885 | D:3      | Reached skill level 6 in Short Blades
  1885 | D:3      | Reached XP level 5. HP: 9/30 MP: 5/5
  2893 | D:3      | Reached skill level 7 in Short Blades
  3772 | D:4      | Reached XP level 6. HP: 13/35 MP: 6/6
  3849 | D:4      | Reached skill level 8 in Short Blades
  4026 | D:4      | Reached skill level 9 in Short Blades
  4026 | D:4      | Reached XP level 7. HP: 15/40 MP: 7/7
  4645 | D:4      | Noticed a wyvern
  4676 | D:4      | Killed a wyvern
  4677 | D:4      | Reached skill level 10 in Short Blades
  4999 | D:4      | Noticed a yak
  5001 | D:4      | Noticed a yak
  5002 | D:4      | Noticed a yak
  5002 | D:4      | Noticed a yak
  5017 | D:4      | HP: 2/40 [yak (9)]
  5019 | D:4      | Slain by a yak

Illustrated notes

Levels and vault maps discovered:
D:1:      lightli_arrival_flooded_house, layout_loops_ring,
          hellmonk_ecumenical_altar_inner_sanctum, serial_shops,
          nicolae_diamond_shop
D:2:      layout_loops_cross, basic_altar, corexii_leaking_fountain
D:3:      layout_loops_corners
D:4:      layout_rooms, tso_altar, nicolae_ossuary_entry_catacombs

Skill      XL: |  1  2  3  4  5  6  7 |
---------------+----------------------+-----
Short Blades   | 3 4 5 6 7 9 10 | 10.9
Fighting       | |  2.1
Throwing       | |  2.1
Dodging        | |  1.2
Stealth        | |  5.3

Action                   |  1- 3 |  4- 6 |  7- 9 || total
-------------------------+-------+-------+-------++-------
Melee: Dagger            |    58 |   195 |   113 ||   366
       Punch             |       |     1 |     4 ||     5
  Use: Scroll            |       |     6 |       ||     6
       Potion            |       |       |     1 ||     1
 Stab: Sleeping          |    22 |    22 |     1 ||    45
Armor: Robe              |     6 |    21 |     5 ||    32
Dodge: Dodged            |    12 |   114 |    47 ||   173

Table legend: (Time is in decaauts)
 A = Elapsed time spent in this place.
 B = Non-inter-level travel time spent in this place.
 C = Inter-level travel time spent in this place.
 D = Time resting spent in this place.
 E = Time spent auto-exploring this place.
 F = Levels seen in this place.
 G = Mean time per level.
                   A        B        C        D        E       F      G
               +--------+--------+--------+--------+--------+-----+--------+
         Total |   4885 |   4810 |     75 |   1273 |   2707 |   4 | 1221.2 |
       Dungeon |   4885 |   4810 |     75 |   1273 |   2707 |   4 | 1221.2 |
               +--------+--------+--------+--------+--------+-----+--------+

Top non-repeatable levels by time:
     D:3: 1881 daAuts
     D:4: 1217 daAuts
     D:1: 997 daAuts
     D:2: 788 daAuts
